 Dungeon Crawl Stone Soup version 0.24.0-2-g5b39cebb1c (webtiles) character file.

Game seed: 11396093884170916004, levelgen mode: deterministic

95 Mrkan the Chopper (level 4, -3/41 HPs)
             Began as a Hill Orc Monk on Oct 29, 2019.
             Was a Believer of Fedhas.
             Killed from afar by an orc wizard (13 damage)
             ... with a puff of frost
             ... on level 3 of the Dungeon.
             The game lasted 00:05:39 (2278 turns).

Mrkan the Chopper (Hill Orc Monk)                   Turns: 2278, Time: 00:05:40

Health: -3/41      AC: 11    Str: 14    XL:     4   Next: 65%
Magic:  4/4        EV:  4    Int: 10    God:    Fedhas [**....]
Gold:   47         SH:  0    Dex: 13    Spells: 3/3 levels left

rFire    . . .     SeeInvis .   a - +0 hand axe
rCold    . . .     Gourm    .   (no shield)
rNeg     . . .     Faith    .   m - +0 plate armour
rPois    .         Spirit   .   (no helmet)
rElec    .         Reflect  .   l - +0 cloak
rCorr    .         Harm     .   (no gloves)
MR       .....                  (no boots)
Stlth    ..........             (no amulet)
HPRegen  0.13/turn              (no ring)
MPRegen  0.09/turn              (no ring)

@: no status effects
A: no striking features
a: Wall of Briars, Renounce Religion


You were on level 3 of the Dungeon.
You worshipped Fedhas.
Fedhas was pleased with you.
You were hungry.

You visited 1 branch of the dungeon, and saw 3 of its levels.

You collected 47 gold pieces.

Inventory:

Hand Weapons
 a - a +0 hand axe (weapon)
Missiles
 n - 9 silver javelins (quivered)
Armour
 l - a +0 cloak (worn)
 m - a +0 plate armour (worn)
Jewellery
 k - a +2 ring of protection {unknown}
 p - an uncursed ring of protection from fire {unknown}
Scrolls
 b - a scroll of random uselessness {unknown}
 d - 3 scrolls of remove curse {unknown}
 g - a scroll of blinking {unknown}
 h - 3 scrolls of teleportation {unknown}
 o - a scroll of noise {unknown}
 q - a scroll of identify {unknown}
Potions
 e - a potion of curing
 i - a potion of flight {unknown}
 j - a potion of lignification {unknown}
Comestibles
 c - 5 rations
 f - a chunk of flesh


   Skills:
 + Level 4.3 Fighting
 * Level 5.6 Axes
 + Level 1.8 Armour
 - Level 2.4 Dodging
 - Level 1.5 Stealth
 + Level 1.2 Invocations


You had 3 spell levels left.
You didn't know any spells.
Your spell library was empty.

Dungeon Overview and Level Annotations

Branches:
Dungeon (3/15)

Altars:
Cheibriados
Fedhas


Message History

The orc wizard hits you with a +0 dagger.
Your plate armour prevents you from hitting the orc wizard.
The orc wizard is severely wounded.
The orc wizard looks satisfied for a moment.
You hit the orc wizard.
The orc wizard is almost dead.
The orc wizard hits you but does no damage.
The orc wizard barely misses you.
You completely miss the orc wizard.
The orc wizard is almost dead.
The orc wizard hits you but does no damage.
You hit the orc wizard.
The orc wizard is almost dead.
The orc wizard casts a spell at you. The puff of frost hits you!
* * * LOW HITPOINT WARNING * * *
The orc wizard casts a spell at you. The puff of frost hits you!
You die...
Fedhas appreciates your contribution to the ecosystem.

..... ... ... #
...
#.###.#######'#
.......{o@.##.#
......####.##.#
..... #.##.###
.... .>##......#
... #.........# ..
####......# .
#..#.#.########
####..#...........
..........########


You could see an orc wizard.

Vanquished Creatures
  2 adders
  An ooze (D:3)
  A worm (D:3)
  3 dart slugs
  A leopard gecko (D:1)
  An orc (D:3)
  2 giant cockroaches (D:1)
  12 goblins
  8 hobgoblins
  4 jackals (D:2)
  5 kobolds
  3 quokkas
  6 bats
  A frilled lizard (D:2)
  6 rats
56 creatures vanquished.

Notes
Turn   | Place    | Note
-------+----------+-------------------------------------------
     0 | D:1      | Mrkan the Hill Orc Monk began the quest for the Orb.
     0 | D:1      | Reached XP level 1. HP: 19/19 MP: 1/1
   140 | D:1      | Reached XP level 2. HP: 20/27 MP: 2/2
   641 | D:1      | Reached skill level 1 in Armour
   832 | D:1      | Reached XP level 3. HP: 22/33 MP: 3/3
  1081 | D:2      | Reached skill level 5 in Axes
  1176 | D:2      | Found a snail-covered altar of Cheibriados.
  1189 | D:2      | Found a blossoming altar of Fedhas.
  1201 | D:2      | Became a worshipper of Fedhas Madash
  1201 | D:2      | Reached * piety under Fedhas
  1201 | D:2      | Reached ** piety under Fedhas
  1541 | D:2      | Reached XP level 4. HP: 30/40 MP: 4/4
  1985 | D:3      | Reached skill level 1 in Invocations
  2278 | D:3      | Killed from afar by an orc wizard

Levels and vault maps discovered:
D:1:      saegor_arrival_miasma, layout_basic
D:2:      layout_rooms, overflow_temple_1_default, cheibriados_altar_1
D:3:      kennysheep_the_goblin_king, layout_loops_corners,
          gammafunk_temple_overflow_statue

Skill      XL: |  1  2  3  4 |
---------------+-------------+-----
Armour         | 1 |  1.8
Fighting       | 4 |  4.3
Axes           | 5 |  5.6
Invocations    | 1 |  1.2
Dodging        | |  2.4
Stealth        | |  1.5

Action                   |  1- 3 |  4- 6 || total
-------------------------+-------+-------++-------
Melee: Hand axe          |   135 |    84 ||   219
  Use: Potion            |       |     1 ||     1
 Stab: Sleeping          |     1 |     1 ||     2
  Eat: Chunk             |     2 |     2 ||     4
Armor: Robe              |     1 |       ||     1
       Leather armour    |    34 |     1 ||    35
       Plate armour      |       |    39 ||    39
Dodge: Dodged            |   113 |    21 ||   134
